 Dungeon Crawl Stone Soup version 0.22-b1-26-g9dbaab1 (webtiles) character file.

30748 poirepourri the Peltast (level 13, 0/111 HPs)
             Began as a Deep Dwarf Fighter on Aug 8, 2018.
             Was a High Priest of Makhleb.
             Slain by Snorg (15 damage)
             ... on level 3 of the Lair of Beasts.
             The game lasted 00:20:30 (12864 turns).

poirepourri the Peltast (Deep Dwarf Fighter)       Turns: 12864, Time: 00:20:31

Health: 0/111      AC: 13    Str: 25    XL:     13   Next: 22%
Magic:  0/3        EV: 18    Int: 11    God:    Makhleb [*****.]
Gold:   550        SH: 20    Dex: 20    Spells: 12/12 levels left

rFire    . . .     SeeInvis +   a - +8 war axe "Gram" {chop, Str+4 Dex+4}
rCold    . . .     Gourm    .   c - +5 shield
rNeg     . . .     Faith    .   J - +0 acid dragon scales of Impatience {*Drain rElec rPois rCorr MP-9 Stlth+} (curse)
rPois    +         Spirit   +   l - +2 hat {SInv}
rElec    +         Reflect  .   p - scarf {Spirit}
rCorr    +         Harm     .   k - +2 pair of gloves
MR       +....     Rnd*Tele +   (no boots)
Stlth    ++........             (no amulet)
HPRegen  0.00/turn              i - +2 ring of strength
MPRegen  0.08/turn              B - ring of teleportation (curse)

@: non-regenerating
A: damage resistance, heal wounds, sense surroundings 2, no regeneration
a: Heal Wounds, Minor Destruction, Lesser Servant of Makhleb, Major Destruction,
Greater Servant of Makhleb, Renounce Religion


You were on level 3 of the Lair of Beasts.
You worshipped Makhleb.
Makhleb was extremely pleased with you.
You were full.

You visited 3 branches of the dungeon, and saw 15 of its levels.
You also visited: Labyrinth.

You collected 888 gold pieces.
You spent 338 gold pieces at shops.

Inventory:

Hand Weapons
 a - the +8 war axe "Gram" (weapon) {chop, Str+4 Dex+4}
   (You took it off a minotaur in a labyrinth)

   It inflicts extra damage upon your enemies.
   It affects your strength (+4).
   It affects your dexterity (+4).
 b - the +10 flail of Poverty {crush, rF+ MP+9 Int+2}
   (You found it on level 7 of the Dungeon)

   It inflicts extra damage upon your enemies.
   It affects your intelligence (+2).
   It protects you from fire.
   It affects your magic capacity (+9).
 F - a +0 war axe
Missiles
 h - 7 javelins (quivered)
 t - 52 bolts
 I - 18 javelins of penetration
Armour
 c - a +5 shield (worn)
 e - a +1 scale mail
 k - a +2 pair of gloves (worn)
 l - a +2 hat of see invisible (worn)
 p - a scarf of spirit shield (worn)
 J - the cursed +0 acid dragon scales of Impatience (worn) {*Drain rElec rPois rCorr MP-9 Stlth+}
   (You found it in a labyrinth)

   It insulates you from electricity.
   It protects you from poison.
   It affects your magic capacity (-9).
   It provides partial protection from all sources of acid and corrosion.
   It causes draining when unequipped.
   It makes you more stealthy.
   It has a curse placed upon it.
Jewellery
 i - a +2 ring of strength (left hand)
 r - a cursed ring of see invisible
 z - a cursed ring of flight {unknown}
 B - a cursed ring of teleportation (right hand)
Wands
 n - a wand of flame (52)
 s - a wand of paralysis (12)
 v - a wand of polymorph (33)
 w - a wand of disintegration (24)
 C - a wand of acid (6)
 G - a wand of enslavement (11)
 H - a wand of random effects (32)
Scrolls
 o - 4 scrolls of teleportation
 u - 3 scrolls of amnesia
 y - a scroll of fog
 E - a scroll of remove curse
Potions
 d - 2 potions of resistance
 g - 3 potions of haste
 j - 2 potions of curing
 m - a potion of cancellation
 q - a potion of heal wounds
 x - 2 potions of flight
 A - a potion of brilliance {unknown}
 D - a potion of mutation {unknown}
Miscellaneous
 K - a sack of spiders
Comestibles
 f - 20 rations


   Skills:
 + Level 6.2 Fighting
 - Level 10.4(12.6) Axes
 - Level 11.0(12.4) Maces & Flails
 - Level 7.1 Armour
 - Level 8.0 Dodging
 - Level 15.4 Shields


You had 12 spell levels left.
You didn't know any spells.
Your spell library was empty.

Dungeon Overview and Level Annotations

Branches:
Dungeon (11/15)            Temple (1/1) D:7            Lair (3/6) D:11
  Swamp (0/4) Lair:2        Snake (0/4) Lair:3
    Orc: D:9-12

Altars:
Ashenzari
Cheibriados
Dithmenos
Elyvilon
Fedhas
Gozag
Hepliaklqana
Kikubaaqudgha
Makhleb
Nemelex Xobeh
Okawaru
Qazlal
Ru
Sif Muna
Trog
Uskayaw
Vehumet
Wu Jian
Xom
Yredelemnul
Zin
The Shining One

Shops:
D:5 %   D:6 *   D:8 %

Annotations:
D:8 Harold
Lair:3 Snorg


Innate Abilities, Weirdness & Mutations

You are resistant to damage.
You can heal yourself by infusing magical energy.
You passively map the area around you.
You do not regenerate.


Message History

Snorg is moderately wounded.
You closely miss the blink frog.
You are struck by the porcupine's spines.
You slash the porcupine! You slash the crocodile! You block Snorg's attack.
Snorg claws you! Snorg misses you.
The blink frog blinks!
You block the porcupine's attack. The crocodile bites you!
You slice Snorg!!
Snorg is heavily wounded.
You hit the crocodile.
You are struck by the porcupine's spines.
You slash the porcupine!
You kill the porcupine!
Makhleb accepts your kill. You block Snorg's attack. Snorg claws you.
Snorg claws you but does no damage. The crocodile bites you!
* * * LOW HITPOINT WARNING * * *
You block Snorg's attack. Snorg claws you!
* * * LOW HITPOINT WARNING * * *
Snorg claws you!
You die...

* * * * ** * #### ####*
##### ##### , * ,
.#.P.##P?###.##.####P##. ,
,........................
+ ,*
#.....§.................
*#.....T@§.##......#.###P
* ......t†..P#!....##.####
,
**#.....PF..##...........#
,
*..................#....#
, .......#...P.....P#....#
* ,
#.....##.##......##....# *
...... #.###.....#.##.#. ,
, ......,..........P.#..#.
, ,.... ..................


You could see Snorg (berserk), a blink frog and a crocodile.

Vanquished Creatures
  Gastronok (D:8)
  A minotaur (Lab)
  2 hydras
  A two-headed ogre (D:9)
  2 death yaks (Lair:2)
  Urug (Lair:2)
  An unseen horror (D:9)
  Pikel (D:8)
  2 ugly things (D:11)
  Joseph (D:10)
  3 black mambas
  A guardian serpent (Lair:2)
  A torpor snail (Lair:2)
  6 spiny frogs
  6 komodo dragons
  2 polar bears (Lair:2)
  2 trolls
  3 bog bodies (Lair:2)
  5 hippogriffs
  2 hornets
  Prince Ribbit (D:8)
  2 dream sheep (D:9)
  5 blink frogs
  2 shadows
  A redback (Lab)
  A wyvern (Lair:2)
  2 basilisks (Lair:1)
  29 yaks
  3 hungry ghosts
  Menkaure (D:7)
  A swamp worm (Lair:2)
  Duvessa (D:6)
  3 orc warriors
  3 porcupines
  5 ice beasts
  2 slaves
  2 black bears
  A sky beast (D:6)
  2 phantoms
  A necrophage (D:9)
  3 centaurs
  3 wolves (Lair:3)
  7 ogres
  3 crocodiles
  4 big kobolds
  8 bullfrogs
  Dowan (D:6)
  2 wyvern skeletons
  A scorpion (D:7)
  10 killer bees
  A water moccasin skeleton (D:6)
  4 wights (D:8)
  A howler monkey (D:6)
  An electric eel (Lair:2)
  8 crimson imps
  A quasit (D:11)
  A bullfrog zombie (D:8)
  3 jellies
  4 hounds
  7 orc priests
  11 orc wizards
  2 centaur skeletons
  A gnoll shaman (D:4)
  6 iguanas (Lair:1)
  Jessica (D:3)
  Natasha (thrice) (D:3)
  7 worker ants
  A hound skeleton (D:5)
  2 hound zombies
  2 worker ant zombies
  A howler monkey zombie (D:8)
  15 gnolls
  7 adders
  3 shadow imps
  2 adder zombies (D:3)
  2 adder skeletons
  4 worms
  2 dart slugs
  7 leopard geckos
  31 orcs
  4 giant cockroaches
  6 goblins
  6 hobgoblins
  9 jackals
  3 quokkas
  A ball python (D:3)
  9 bats
  5 frilled lizards
  A jackal zombie (D:5)
  6 kobolds
  4 rats
349 creatures vanquished.

Vanquished Creatures (others)
  A bog body (Lair:2)
  An electric eel (Lair:2)
  2 fungi (Lair:3)
  23 plants (D:11)
27 creatures vanquished.

Grand Total: 376 creatures vanquished

Notes
Turn   | Place    | Note
-------+----------+-------------------------------------------
     0 | D:1      | poirepourri the Deep Dwarf Fighter began the quest for the Orb.
     0 | D:1      | Reached XP level 1. HP: 20/20 MP: 1/1
   234 | D:1      | Reached XP level 2. HP: 27/27 MP: 2/2
  1070 | D:2      | Reached XP level 3. HP: 28/33 MP: 3/3
  1264 | D:2      | Reached XP level 4. HP: 26/40 MP: 4/4
  1492 | D:3      | Reached skill level 5 in Axes
  1495 | D:3      | Noticed Jessica
  1498 | D:3      | Noticed Natasha
  1510 | D:3      | Killed Natasha
  1515 | D:3      | Killed Jessica
  1544 | D:3      | Reached XP level 5. HP: 21/46 MP: 5/5
  1670 | D:3      | Noticed Natasha
  1693 | D:3      | Killed Natasha
  2510 | D:3      | Noticed Natasha
  2513 | D:3      | Killed Natasha
  2601 | D:4      | Reached XP level 6. HP: 31/55 MP: 4/6
  3350 | D:5      | Entered Level 5 of the Dungeon
  3356 | D:5      | Reached XP level 7. HP: 27/61 MP: 1/6
  3364 | D:5      | You fall through a shaft for 3 floors!
  3366 | D:8      | Noticed Harold
  3437 | D:7      | Found a staircase to the Ecumenical Temple.
  3490 | D:7      | Noticed Menkaure
  3494 | Temple   | Entered the Ecumenical Temple
  3529 | Temple   | Became a worshipper of Makhleb the Destroyer
  3756 | D:7      | Killed Menkaure
  3918 | D:7      | Got a steaming flail
  3919 | D:7      | Identified the +10 flail of Poverty {crush, rF+ MP+9 Int+2} (You found it on level 7 of the Dungeon)
  4058 | D:7      | Found an ornate altar of the Wu Jian Council.
  4397 | D:6      | Noticed Duvessa
  4398 | D:6      | Noticed Dowan
  4408 | D:6      | Killed Duvessa
  4408 | D:6      | Reached skill level 10 in Axes
  4411 | D:6      | Killed Dowan
  4411 | D:6      | Reached XP level 8. HP: 29/68 MP: 0/7
  4562 | D:6      | Found Gieh's General Store.
  4568 | D:6      | Reached skill level 1 in Maces & Flails
  4577 | D:6      | Bought a potion of might for 56 gold pieces
  4577 | D:6      | Bought a scroll of teleportation for 42 gold pieces
  4601 | D:6      | Reached skill level 13 in Shields
  4601 | D:6      | Gained mutation: You passively map the area around you. [Deep Dwarf growth]
  4601 | D:6      | Reached XP level 9. HP: 26/74 MP: 0/8
  4719 | D:6      | Reached * piety under Makhleb
  5116 | D:5      | Found Largheif's Food Emporium.
  5119 | D:5      | Bought a ration for 55 gold pieces
  5119 | D:5      | Bought a ration for 55 gold pieces
  5178 | D:5      | Reached skill level 5 in Maces & Flails
  6052 | D:8      | Reached XP level 10. HP: 66/81 MP: 0/9
  6148 | D:8      | Noticed Gastronok
  6163 | D:8      | Reached ** piety under Makhleb
  6178 | D:8      | Killed Gastronok
  6210 | D:8      | Found Cuf Hual's Food Shoppe.
  6218 | D:8      | Bought a ration for 65 gold pieces
  6218 | D:8      | Bought a ration for 65 gold pieces
  6289 | D:8      | Noticed Prince Ribbit
  6300 | D:8      | Noticed Pikel
  6403 | D:8      | Killed Pikel
  6589 | D:8      | Killed Prince Ribbit
  6719 | D:9      | Noticed a two-headed ogre
  6720 | D:9      | Noticed an unseen horror
  6772 | D:9      | Reached XP level 11. HP: 32/88 MP: 6/10
  6832 | D:9      | Killed a two-headed ogre
  6832 | D:9      | Reached skill level 10 in Maces & Flails
  6876 | D:9      | Killed an unseen horror
  6895 | D:9      | Paralysed by a hornet for 3 turns
  7044 | D:9      | Reached *** piety under Makhleb
  7089 | D:9      | Noticed a three-headed hydra
  7096 | D:9      | Killed a three-headed hydra
  7253 | D:10     | Entered Level 10 of the Dungeon
  7314 | D:10     | Noticed Joseph
  7331 | D:10     | Killed Joseph
  7349 | D:10     | Reached skill level 14 in Shields
  8097 | D:11     | Found a staircase to the Lair.
  8233 | D:11     | Noticed a red ugly thing
  8251 | D:11     | Killed a red ugly thing
  8293 | D:11     | Noticed a green ugly thing
  8301 | D:11     | Killed a green ugly thing
  8453 | D:11     | Reached **** piety under Makhleb
  8464 | D:11     | Reached skill level 15 in Shields
  8783 | D:11     | Reached XP level 12. HP: 79/96 MP: 0/11
  9088 | Lair:1   | Entered Level 1 of the Lair of Beasts
  9116 | Lair:1   | Reached skill level 1 in Dodging
  9263 | Lair:1   | Reached skill level 5 in Dodging
  9680 | Lair:1   | Reached ***** piety under Makhleb
  9930 | Lair:2   | Noticed a six-headed hydra
  9936 | Lair:2   | Noticed Urug
  9941 | Lair:2   | Killed a six-headed hydra
  9952 | Lair:2   | Killed Urug
  9952 | Lair:2   | Reached skill level 5 in Armour
 10127 | Lair:2   | Noticed a death yak
 10129 | Lair:2   | Noticed a death yak
 10147 | Lair:2   | Killed a death yak
 10167 | Lair:2   | Killed a death yak
 10528 | Lair:2   | Found a staircase to the Swamp.
 10540 | Lair:2   | Reached XP level 13. HP: 64/105 MP: 0/12
 10810 | Lair:3   | Reached skill level 5 in Fighting
 10852 | Lair:3   | Found a labyrinth entrance.
 10859 | Lab      | Entered a labyrinth
 12580 | Lab      | Noticed a minotaur
 12597 | Lab      | Killed a minotaur
 12602 | Lab      | Got an ichor-stained war axe {chop}
 12608 | Lab      | Got smoking acid dragon scales
 12650 | Lair:3   | Identified the +8 war axe "Gram" {chop, Str+4 Dex+4} (You took it off a minotaur in a labyrinth)
 12661 | Lair:3   | Identified the cursed +0 acid dragon scales of Impatience {*Drain rElec rPois rCorr MP-9 Stlth+} (You found it in a labyrinth)
 12839 | Lair:3   | Found a staircase to the Snake Pit.
 12854 | Lair:3   | Noticed Snorg
 12864 | Lair:3   | Slain by Snorg

Skill      XL: |  1  2  3  4  5  6  7  8  9 10 11 12 13 |
---------------+----------------------------------------+-----
Axes           | 3 4 5 7 8 10 | 10.4
Maces & Flails | 2 6 9 11 | 11.0
Shields        | 13 15 | 15.4
Dodging        | 8 |  8.0
Armour         | 7 |  7.1
Fighting       | 3 6 |  6.2

Action                   |  1- 3 |  4- 6 |  7- 9 | 10-12 | 13-15 || total
-------------------------+-------+-------+-------+-------+-------++-------
Melee: War axe           |   111 |   201 |    29 |       |    21 ||   362
       Flail             |       |       |   187 |   667 |    72 ||   926
Throw: Throwing net      |       |       |       |     4 |       ||     4
       Javelin           |       |       |       |     2 |       ||     2
 Abil: Heal Wounds       |       |     3 |     3 |     4 |     4 ||    14
Evoke: Wand              |       |       |       |    15 |       ||    15
  Use: Scroll            |       |    11 |     7 |    13 |     2 ||    33
       Potion            |       |     4 |     4 |     5 |     2 ||    15
 Stab: Invisible         |       |       |       |     2 |       ||     2
  Eat: Ration            |     1 |     2 |     4 |     4 |     3 ||    14
       Chunk             |       |       |     1 |     1 |       ||     2
Armor: Scale mail        |    59 |    83 |    62 |   130 |    20 ||   354
       Skin              |       |       |       |     2 |       ||     2
       Acid dragon scale |       |       |       |       |     4 ||     4
Dodge: Dodged            |    41 |    70 |    62 |   170 |    45 ||   388
Block: Shield            |    51 |   124 |   147 |   516 |   111 ||   949
